Canadiens vs Stars
Created - March 27, 2018 at 19:00
Goals
|
Canadiens |
0 |
1 |
1 |
2 |
Stars |
1 |
0 |
0 |
1 |
|
Shots
|
Canadiens |
12 |
9 |
8 |
29 |
Stars |
8 |
7 |
9 |
24 |
|
1st period
1. Stars , Brian Lee 13 (Trevor Daley 15) at 17:48 (PP)
Penalties :
Matt Cooke (Dal) for Hooking (Minor) at 13:54, Jason Spezza (Mon) for Roughing (Minor) at 17:26
2nd period
2. Canadiens , Luke Schenn 6 (Patrick Sharp 53, Sidney Crosby 65) at 14:42
Penalties :
Adam Pardy (Mon) for Tripping (Minor) at 2:08, Sidney Crosby (Mon) for Hooking (Minor) at 8:10
3rd period
3. Canadiens , Jason Spezza 19 (Cal Clutterbuck 18, Vitaly Vishnevsky 20) at 9:57 (SH)
Penalties :
Sidney Crosby (Mon) for Holding (Minor) at 3:22, Luke Schenn (Mon) for Hooking (Minor) at 9:22, Evgeny Grachev (Dal) for High sticking (Minor) at 16:31
Goalie Stats
Jonathan Bernier (Mon), 23 saves from 24 shots - (0.958), W, 32-22-2, 60:00 minutes
Pascal Leclaire (Dal), 27 saves from 29 shots - (0.931), L, 28-22-3, 58:47 minutes
Players Stats for Canadiens
Player Name G A P +/- PIM S H SB GA TA FO MP PP MP PK MP
------------------------------------------------------------------------------------
Adam Pardy 0 0 0 1 2 0 3 2 0 1 0/0 16:11 0:00 4:55
Brett Maclean 0 0 0 0 0 1 1 1 0 0 0/0 9:01 0:00 0:00
Cal Clutterbuck 0 1 1 1 0 1 1 1 1 0 1/2 15:06 0:17 4:47
David Jones 0 0 0 0 0 1 1 0 0 1 2/2 12:14 0:17 1:41
Dennis Wideman 0 0 0 1 0 1 2 1 0 0 0/0 22:49 1:33 1:33
Dustin Boyd 0 0 0 0 0 2 1 0 1 1 2/3 14:59 1:39 2:15
Evgeny Dadonov 0 0 0 1 0 3 3 1 0 0 1/2 16:10 2:02 0:00
Greg Stewart 0 0 0 0 0 1 2 1 1 0 0/0 15:16 1:39 1:23
Jason Spezza 1 0 1 1 2 2 1 0 0 1 6/16 18:49 2:23 4:25
Joe Pavelski 0 0 0 0 0 2 1 1 0 0 0/0 13:52 1:39 0:00
Karl Alzner 0 0 0 0 0 1 5 2 0 0 0/0 19:11 0:00 2:12
Ladislav Nagy 0 0 0 0 0 1 5 0 0 0 1/1 10:32 0:17 0:00
Luke Schenn 1 0 1 1 2 1 3 1 0 1 0/0 26:04 2:25 4:06
Marcel Goc 0 0 0 0 0 4 0 0 2 0 1/1 10:02 0:00 0:00
Patrick Sharp 0 1 1 1 0 5 1 1 0 0 1/2 19:53 2:02 2:05
Sidney Crosby 0 1 1 1 4 3 1 0 1 1 11/25 17:21 2:02 0:00
Vitaly Vishnevsky 0 1 1 1 0 0 3 2 0 1 0/0 22:11 1:33 3:49
Wes O'Neill 0 0 0 0 0 0 2 0 0 0 0/0 11:56 0:02 0:01
Players Stats for Stars
Player Name G A P +/- PIM S H SB GA TA FO MP PP MP PK MP
------------------------------------------------------------------------------------
Andrei Markov 0 0 0 -1 0 1 0 2 0 2 0/0 19:22 3:22 1:34
Boris Valabik 0 0 0 -2 0 2 2 1 0 1 0/0 17:31 3:22 0:00
Brian Lee 1 0 1 0 0 3 2 2 1 1 1/1 25:45 4:56 0:00
Daniel Cleary 0 0 0 0 0 1 0 1 0 0 0/0 12:38 0:03 0:51
Drew Fata 0 0 0 -1 0 0 0 1 0 0 0/0 17:23 0:22 1:34
Dustin Penner 0 0 0 -1 0 1 1 0 0 0 1/1 16:58 3:35 0:34
Evgeny Artyukhin 0 0 0 -1 0 0 2 0 3 0 0/0 16:28 3:35 0:00
Evgeny Grachev 0 0 0 0 2 3 4 0 1 0 3/6 11:55 0:00 0:26
Greg Campbell 0 0 0 0 0 0 0 0 0 0 3/4 2:49 0:00 2:25
Jamie Langenbrunner 0 0 0 0 0 0 0 0 0 0 0/0 9:49 0:00 2:23
John Tavares 0 0 0 -1 0 7 1 1 1 0 13/30 22:39 4:43 0:26
Johnny Oduya 0 0 0 0 0 0 1 1 0 0 0/0 21:00 0:00 2:24
Matt Cooke 0 0 0 0 2 1 1 0 0 0 0/2 12:10 0:00 0:00
Michael Grabner 0 0 0 -1 0 1 0 0 0 0 0/0 20:35 4:40 0:00
Scott Hartnell 0 0 0 -1 0 1 3 0 0 0 0/0 21:20 4:40 0:00
Shawn Matthias 0 0 0 0 0 2 0 0 0 0 0/0 7:29 0:03 0:00
Trevor Daley 0 1 1 0 0 0 0 1 1 2 0/0 21:33 4:34 2:24
Tyler Seguin 0 0 0 -1 0 1 1 0 0 0 7/10 18:36 3:35 0:51
3 Stars
1 - Jonathan Bernier (Mon)
2 - Luke Schenn (Mon)
3 - Vitaly Vishnevsky (Mon)
Power Play
Canadiens - 0 on 2 Attempt(s) - 0.00%
Stars - 1 on 5 Attempt(s) - 20.00%
Penalty Kill
Canadiens - 4 on 5 Attempt(s) - 80.00%
- Score 1 goal in Penalty Kill
Stars - 2 on 2 Attempt(s) - 100.00%
- Score 0 goal in Penalty Kill
Team Stat
Canadiens - Hits : 36 - Faceoff Wins : 26 - Blocked Shots : 14 - Penalty Minutes : 10
Stars - Hits : 18 - Faceoff Wins : 28 - Blocked Shots : 10 - Penalty Minutes : 4
Official
Referees : McCauley Wes and O'Halloran Dan
Linesman : Jonny Murray and Scott Cherrey
Game Notes
No Game Note
Finance
Level 1 -- Attendance: 6000 (100.00%) -- Ticket Income $432,000
Level 2 -- Attendance: 3625 (72.50%) -- Ticket Income $217,500
Level 3 -- Attendance: 1225 (61.25%) -- Ticket Income $61,250
Level 4 -- Attendance: 2464 (61.60%) -- Ticket Income $93,632
Luxury Box -- Attendance: 995 (99.50%) -- Ticket Income $109,450
Game was played at the American Airlines Center.
Total Attendance: 14309 (79.49%)
Total Ticket Income: $913,832
Other Income: $137,075
Total Income: $1,050,907
Canadiens
5 vs 5 Forward
Center Left Wing Right Wing Time % Phy DF OF
1 Sidney Crosby Patrick Sharp Evgeny Dadonov 40 1 2 2
2 Jason Spezza Greg Stewart Joe Pavelski 30 1 2 2
3 Dustin Boyd Brett Maclean Cal Clutterbuck 20 1 2 2
4 Marcel Goc Ladislav Nagy David Jones 10 1 2 2
5 vs 5 Defense
Defense Defense Time % Phy DF OF
1 Luke Schenn Dennis Wideman 40 1 2 2
2 Vitaly Vishnevsky Karl Alzner 30 1 2 2
3 Wes O'Neill Adam Pardy 20 1 2 2
4 Luke Schenn Dennis Wideman 10 1 2 2
PowerPlay Forward
Center Left Wing Right Wing Time % Phy DF OF
1 Sidney Crosby Patrick Sharp Evgeny Dadonov 60 1 2 2
2 Dustin Boyd Greg Stewart Joe Pavelski 40 1 2 2
PowerPlay Defense
Defense Defense Time % Phy DF OF
1 Luke Schenn Jason Spezza 60 1 2 2
2 Vitaly Vishnevsky Dennis Wideman 40 1 2 2
Penalty Kill 4 Players Forward
Center Wing Time % Phy DF OF
1 Jason Spezza Cal Clutterbuck 60 1 2 2
2 Dustin Boyd Patrick Sharp 40 1 2 2
Penalty Kill 4 Players Defense
Defense Defense Time % Phy DF OF
1 Luke Schenn Adam Pardy 60 1 2 2
2 Vitaly Vishnevsky Karl Alzner 40 1 2 2
Penalty Kill - 3 Players Forward
Forward Time % Phy DF OF
1 Sidney Crosby 60 1 2 2
2 Jason Spezza 40 1 2 2
Penalty Kill - 3 Players Defense
Defense Defense Time % Phy DF OF
1 Luke Schenn Adam Pardy 60 1 2 2
2 Vitaly Vishnevsky Karl Alzner 40 1 2 2
4 vs 4 Forward
Center Wing Time % Phy DF OF
1 Sidney Crosby Evgeny Dadonov 60 1 2 2
2 Jason Spezza Joe Pavelski 40 1 2 2
4 vs 4 Defense
Defense Defense Time % Phy DF OF
1 Luke Schenn Dennis Wideman 60 1 2 2
2 Vitaly Vishnevsky Karl Alzner 40 1 2 2
Last Minutes Offensive
Center Left Wing Right Wing Defense Defense
Sidney Crosby Patrick Sharp Joe Pavelski Luke Schenn Dennis Wideman
Last Minutes Defensive
Center Left Wing Right Wing Defense Defense
Sidney Crosby Patrick Sharp Joe Pavelski Luke Schenn Adam Pardy
Goaltenders
Starting : Jonathan Bernier
Backup : Mikael Tellqvist
Extra Forwards
Normal : Cal Clutterbuck, Dustin Boyd, David Jones - PP : Cal Clutterbuck, Dustin Boyd - PK : David Jones
Extra Defensemen
Normal : Wes O'Neill, Adam Pardy, Vitaly Vishnevsky - PP : Wes O'Neill - PK : Adam Pardy, Vitaly Vishnevsky
Penalty Shots
Sidney Crosby, Jason Spezza, Joe Pavelski, Patrick Sharp, Greg Stewart
Scratches
Andrew Ebbett (Healthy)
Stars
5 vs 5 Forward
Center Left Wing Right Wing Time % Phy DF OF
1 John Tavares Scott Hartnell Michael Grabner 39 0 2 3
2 Tyler Seguin Dustin Penner Evgeny Artyukhin 27 0 2 3
3 Evgeny Grachev Matt Cooke Daniel Cleary 20 1 2 2
4 Brian Lee Shawn Matthias Jamie Langenbrunner 14 1 2 2
5 vs 5 Defense
Defense Defense Time % Phy DF OF
1 Brian Lee Johnny Oduya 40 1 2 2
2 Trevor Daley Andrei Markov 30 1 2 2
3 Drew Fata Boris Valabik 20 1 2 2
4 Drew Fata Boris Valabik 10 1 2 2
PowerPlay Forward
Center Left Wing Right Wing Time % Phy DF OF
1 John Tavares Scott Hartnell Michael Grabner 60 0 1 4
2 Tyler Seguin Dustin Penner Evgeny Artyukhin 40 0 1 4
PowerPlay Defense
Defense Defense Time % Phy DF OF
1 Trevor Daley Brian Lee 60 0 2 3
2 Boris Valabik Andrei Markov 40 0 2 3
Penalty Kill 4 Players Forward
Center Wing Time % Phy DF OF
1 Greg Campbell Jamie Langenbrunner 60 1 3 1
2 Evgeny Grachev Daniel Cleary 40 1 3 1
Penalty Kill 4 Players Defense
Defense Defense Time % Phy DF OF
1 Johnny Oduya Trevor Daley 60 0 3 2
2 Andrei Markov Drew Fata 40 0 3 2
Penalty Kill - 3 Players Forward
Forward Time % Phy DF OF
1 Greg Campbell 60 1 4 0
2 Evgeny Grachev 40 1 4 0
Penalty Kill - 3 Players Defense
Defense Defense Time % Phy DF OF
1 Trevor Daley Drew Fata 60 1 4 0
2 Andrei Markov Boris Valabik 40 1 4 0
4 vs 4 Forward
Center Wing Time % Phy DF OF
1 John Tavares Evgeny Artyukhin 60 1 2 2
2 Greg Campbell Shawn Matthias 40 1 2 2
4 vs 4 Defense
Defense Defense Time % Phy DF OF
1 Brian Lee Trevor Daley 60 1 2 2
2 Johnny Oduya Drew Fata 40 1 2 2
Last Minutes Offensive
Center Left Wing Right Wing Defense Defense
John Tavares Scott Hartnell Evgeny Artyukhin Johnny Oduya Brian Lee
Last Minutes Defensive
Center Left Wing Right Wing Defense Defense
Greg Campbell Shawn Matthias Matt Cooke Trevor Daley Boris Valabik
Goaltenders
Starting : Pascal Leclaire
Backup : Mike Brodeur
Extra Forwards
Normal : Tyler Seguin, Matt Cooke, Michael Grabner - PP : Evgeny Artyukhin, Shawn Matthias - PK : Tyler Seguin
Extra Defensemen
Normal : Drew Fata, Johnny Oduya, Andrei Markov - PP : Boris Valabik - PK : Trevor Daley, Drew Fata
Penalty Shots
John Tavares, Michael Grabner, Evgeny Artyukhin, Tyler Seguin, Greg Campbell
Scratches
Jussi Jokinen (Suspend), Nathan Paetsch (Healthy)
% Time on Ice - Canadiens
Lines # - Real PCT - Wanted PCT - Time Play
Normal Forward
1 - 31% - 40% - 14:24
2 - 29% - 30% - 13:21
3 - 19% - 20% - 9:01
4 - 21% - 10% - 10:02
Normal Defense
1 - 40% - 40% - 18:37
2 - 34% - 30% - 15:47
3 - 21% - 20% - 9:58
4 - 5% - 10% - 2:26
PP Forward
1 - 58% - 60% - 2:19
2 - 42% - 40% - 1:39
PP Defense
1 - 61% - 60% - 2:25
2 - 39% - 40% - 1:33
PK Forward
1 - 75% - 60% - 6:13
2 - 25% - 40% - 2:05
PK Defense
1 - 73% - 60% - 6:06
2 - 27% - 40% - 2:12
PK3 Forward
1 - 0% - 60%
2 - 0% - 40%
PK3 Defense
1 - 0% - 60%
2 - 0% - 40%
44 Forward
1 - 0% - 60%
2 - 0% - 40%
44 Defense
1 - 0% - 60%
2 - 0% - 40%
Last Minute Offensive - 0:00
Last Minute Defensive - 0:56
Total
Forward - 60:00
Defense - 60:00
|
% Time on Ice - Stars
Lines # - Real PCT - Wanted PCT - Time Play
Normal Forward
1 - 35% - 39% - 16:11
2 - 25% - 27% - 11:54
3 - 25% - 20% - 11:29
4 - 15% - 14% - 7:11
Normal Defense
1 - 39% - 40% - 18:20
2 - 32% - 30% - 14:47
3 - 20% - 20% - 9:33
4 - 9% - 10% - 4:05
PP Forward
1 - 57% - 60% - 4:43
2 - 43% - 40% - 3:35
PP Defense
1 - 59% - 60% - 4:56
2 - 41% - 40% - 3:22
PK Forward
1 - 79% - 60% - 3:07
2 - 21% - 40% - 0:51
PK Defense
1 - 61% - 60% - 2:24
2 - 39% - 40% - 1:34
PK3 Forward
1 - 0% - 60%
2 - 0% - 40%
PK3 Defense
1 - 0% - 60%
2 - 0% - 40%
44 Forward
1 - 0% - 60%
2 - 0% - 40%
44 Defense
1 - 0% - 60%
2 - 0% - 40%
Last Minute Offensive - 0:59
Last Minute Defensive - 0:00
Total
Forward - 60:00
Defense - 60:00
|
Play by Play
1st period
0:01 of 1st period - John Tavares wins face-off versus Sidney Crosby in neutral zone.
0:54 of 1st period - Snap shot by Evgeny Grachev.
0:54 of 1st period - Stopped by Jonathan Bernier with a rebound.
0:56 of 1st period - Wrist shot by Evgeny Grachev.
0:56 of 1st period - Shot Blocked by Vitaly Vishnevsky.
1:11 of 1st period - Snap shot by Scott Hartnell.
1:11 of 1st period - Stopped by Jonathan Bernier without a rebound.
1:12 of 1st period - Ladislav Nagy wins face-off versus Tyler Seguin in Canadiens zone.
2:50 of 1st period - Slapshot by Marcel Goc.
2:50 of 1st period - Stopped by Pascal Leclaire without a rebound.
2:51 of 1st period - Patrick Sharp wins face-off versus John Tavares in Stars zone.
3:39 of 1st period - Brett Maclean is hit by Evgeny Grachev and loses puck.
4:01 of 1st period - Wrist shot by Evgeny Grachev.
4:01 of 1st period - Stopped by Jonathan Bernier without a rebound.
4:02 of 1st period - John Tavares wins face-off versus Jason Spezza in Canadiens zone.
5:19 of 1st period - Snap shot by John Tavares.
5:19 of 1st period - Deflect By Scott Hartnell.
5:19 of 1st period - Shot Blocked by Brett Maclean.
5:19 of 1st period - Puck is out of play.
5:20 of 1st period - Sidney Crosby wins face-off versus Evgeny Grachev in Canadiens zone.
5:57 of 1st period - Snap shot by Joe Pavelski.
5:57 of 1st period - Deflect By Jason Spezza.
5:57 of 1st period - Shot Blocked by Drew Fata.
5:57 of 1st period - Puck is out of play.
5:58 of 1st period - Tyler Seguin wins face-off versus Evgeny Dadonov in Stars zone.
5:58 of 1st period - Tyler Seguin is hit by Evgeny Dadonov.
6:23 of 1st period - Trevor Daley is hit by Greg Stewart.
6:45 of 1st period - Luke Schenn is hit by Boris Valabik and loses puck.
6:52 of 1st period - Slapshot by Brian Lee.
6:52 of 1st period - Shot Misses the Net.
7:08 of 1st period - Snap shot by Sidney Crosby.
7:08 of 1st period - Stopped by Pascal Leclaire with a rebound.
7:22 of 1st period - Wrist shot by John Tavares.
7:22 of 1st period - Stopped by Jonathan Bernier without a rebound.
7:23 of 1st period - Jason Spezza wins face-off versus John Tavares in Canadiens zone.
7:50 of 1st period - Brian Lee is hit by Wes O'Neill and loses puck.
7:55 of 1st period - Backhand shot by Jason Spezza.
7:55 of 1st period - Stopped by Pascal Leclaire without a rebound.
7:56 of 1st period - Evgeny Grachev wins face-off versus Sidney Crosby in Stars zone.
7:56 of 1st period - Evgeny Grachev is hit by Vitaly Vishnevsky.
8:06 of 1st period - Vitaly Vishnevsky is hit by Evgeny Grachev and loses puck.
9:08 of 1st period - Snap shot by Joe Pavelski.
9:08 of 1st period - Stopped by Pascal Leclaire with a rebound.
9:10 of 1st period - Slapshot by Luke Schenn.
9:10 of 1st period - Deflect By Greg Stewart.
9:10 of 1st period - Shot Blocked by Andrei Markov.
9:10 of 1st period - Puck is out of play.
9:11 of 1st period - Jason Spezza wins face-off versus John Tavares in Stars zone.
9:12 of 1st period - Slapshot by Greg Stewart.
9:12 of 1st period - Stopped by Pascal Leclaire without a rebound.
9:13 of 1st period - John Tavares wins face-off versus Sidney Crosby in Stars zone.
11:20 of 1st period - Snap shot by Evgeny Dadonov.
11:20 of 1st period - Shot Misses the Net.
11:24 of 1st period - Wrist shot by Sidney Crosby.
11:24 of 1st period - Stopped by Pascal Leclaire with a rebound.
12:01 of 1st period - Karl Alzner is hit by Dustin Penner and loses puck.
12:18 of 1st period - Wes O'Neill is hit by Scott Hartnell and loses puck.
12:25 of 1st period - Slapshot by Joe Pavelski.
12:25 of 1st period - Stopped by Pascal Leclaire with a rebound.
12:39 of 1st period - Slapshot by Daniel Cleary.
12:39 of 1st period - Shot Misses the Net.
12:41 of 1st period - Wrist shot by Evgeny Grachev.
12:41 of 1st period - Shot Misses the Net.
12:43 of 1st period - Snap shot by Daniel Cleary.
12:43 of 1st period - Shot Misses the Net.
12:55 of 1st period - Jamie Langenbrunner is hit by Wes O'Neill and loses puck.
13:06 of 1st period - Snap shot by Marcel Goc.
13:06 of 1st period - Shot Blocked by Trevor Daley.
13:08 of 1st period - Wrist shot by Ladislav Nagy.
13:08 of 1st period - Stopped by Pascal Leclaire without a rebound.
13:09 of 1st period - John Tavares wins face-off versus Jason Spezza in Stars zone.
13:17 of 1st period - Off-side.
13:18 of 1st period - John Tavares wins face-off versus Jason Spezza in neutral zone.
13:27 of 1st period - Snap shot by John Tavares.
13:27 of 1st period - Stopped by Jonathan Bernier without a rebound.
13:28 of 1st period - John Tavares wins face-off versus Sidney Crosby in Canadiens zone.
13:54 of 1st period - Minor Penalty to Matt Cooke for Hooking.
13:55 of 1st period - Greg Campbell wins face-off versus Patrick Sharp in Stars zone.
13:55 of 1st period - Greg Campbell is hit by Evgeny Dadonov.
14:18 of 1st period - Jamie Langenbrunner is hit by Sidney Crosby and loses puck.
15:45 of 1st period - Wrist shot by David Jones.
15:45 of 1st period - Stopped by Pascal Leclaire without a rebound.
15:46 of 1st period - Greg Campbell wins face-off versus Cal Clutterbuck in Stars zone.
15:54 of 1st period - Penalty to Matt Cooke is over, Matt Cooke is back on ice.
16:02 of 1st period - Greg Campbell is hit by Dennis Wideman and loses puck.
16:13 of 1st period - Wes O'Neill is hit by Scott Hartnell and loses puck.
16:18 of 1st period - Snap shot by John Tavares.
16:18 of 1st period - Shot Misses the Net.
17:19 of 1st period - Slapshot by Scott Hartnell.
17:19 of 1st period - Shot Misses the Net.
17:21 of 1st period - Snap shot by Boris Valabik.
17:21 of 1st period - Deflect By Dennis Wideman.
17:21 of 1st period - Stopped by Jonathan Bernier without a rebound.
17:22 of 1st period - John Tavares wins face-off versus Jason Spezza in Canadiens zone.
17:26 of 1st period - Minor Penalty to Jason Spezza for Roughing.
17:27 of 1st period - David Jones wins face-off versus John Tavares in Canadiens zone.
17:29 of 1st period - Wrist shot by John Tavares.
17:29 of 1st period - Shot Misses the Net.
17:31 of 1st period - Slapshot by John Tavares.
17:31 of 1st period - Stopped by Jonathan Bernier without a rebound.
17:32 of 1st period - David Jones wins face-off versus John Tavares in Canadiens zone.
17:39 of 1st period - Trevor Daley is hit by Cal Clutterbuck and loses puck.
17:48 of 1st period - Slapshot by Brian Lee.
17:48 of 1st period - Goal by Brian Lee - Canadiens : 0 - Stars : 1.
17:49 of 1st period - Sidney Crosby wins face-off versus John Tavares in neutral zone.
17:52 of 1st period - Snap shot by Evgeny Dadonov.
17:52 of 1st period - Stopped by Pascal Leclaire with a rebound.
17:54 of 1st period - Slapshot by Dennis Wideman.
17:54 of 1st period - Deflect By Patrick Sharp.
17:54 of 1st period - Shot Misses the Net.
17:54 of 1st period - Puck is out of play.
17:55 of 1st period - Sidney Crosby wins face-off versus John Tavares in Stars zone.
18:11 of 1st period - Icing by Michael Grabner.
18:12 of 1st period - Jason Spezza wins face-off versus John Tavares in Stars zone.
18:48 of 1st period - Snap shot by Patrick Sharp.
18:48 of 1st period - Stopped by Pascal Leclaire without a rebound.
18:49 of 1st period - Evgeny Grachev wins face-off versus Sidney Crosby in Stars zone.
18:49 of 1st period - Evgeny Grachev is hit by Karl Alzner.
19:25 of 1st period - Wrist shot by Dustin Penner.
19:25 of 1st period - Shot Misses the Net.
19:37 of 1st period - Snap shot by Cal Clutterbuck.
19:37 of 1st period - Stopped by Pascal Leclaire with a rebound.
Goals for this period are 0 for Canadiens vs 1 for Stars.
Shots for this period are 12 for Canadiens vs 8 for Stars.
2nd period
0:01 of 2nd period - Sidney Crosby wins face-off versus Tyler Seguin in neutral zone.
0:11 of 2nd period - Snap shot by Jamie Langenbrunner.
0:11 of 2nd period - Shot Blocked by Luke Schenn.
0:13 of 2nd period - Slapshot by Johnny Oduya.
0:13 of 2nd period - Shot Blocked by Dennis Wideman.
0:15 of 2nd period - Backhand shot by Shawn Matthias.
0:15 of 2nd period - Stopped by Jonathan Bernier without a rebound.
0:16 of 2nd period - John Tavares wins face-off versus Jason Spezza in Canadiens zone.
0:43 of 2nd period - Sidney Crosby is hit by Brian Lee and loses puck.
0:50 of 2nd period - Snap shot by Daniel Cleary.
0:50 of 2nd period - Deflect By Evgeny Grachev.
0:50 of 2nd period - Stopped by Jonathan Bernier without a rebound.
0:51 of 2nd period - Tyler Seguin wins face-off versus Sidney Crosby in Canadiens zone.
1:08 of 2nd period - Snap shot by Evgeny Dadonov.
1:08 of 2nd period - Stopped by Pascal Leclaire with a rebound.
1:20 of 2nd period - Slapshot by Scott Hartnell.
1:20 of 2nd period - Shot Blocked by Karl Alzner.
1:22 of 2nd period - Snap shot by Michael Grabner.
1:22 of 2nd period - Shot Misses the Net.
1:26 of 2nd period - Snap shot by John Tavares.
1:26 of 2nd period - Stopped by Jonathan Bernier with a rebound.
2:08 of 2nd period - Minor Penalty to Adam Pardy for Tripping.
2:09 of 2nd period - Jason Spezza wins face-off versus John Tavares in Canadiens zone.
2:43 of 2nd period - Tyler Seguin is hit by Jason Spezza and loses puck.
4:08 of 2nd period - Penalty to Adam Pardy is over, Adam Pardy is back on ice.
4:16 of 2nd period - Slapshot by Dustin Boyd.
4:16 of 2nd period - Shot Blocked by Brian Lee.
4:47 of 2nd period - Snap shot by Patrick Sharp.
4:47 of 2nd period - Shot Misses the Net.
4:49 of 2nd period - Slapshot by Dennis Wideman.
4:49 of 2nd period - Shot Blocked by Brian Lee.
5:11 of 2nd period - Evgeny Grachev is hit by Dennis Wideman and loses puck.
6:08 of 2nd period - Michael Grabner is hit by Luke Schenn and loses puck.
6:25 of 2nd period - Jamie Langenbrunner is hit by Luke Schenn and loses puck.
6:52 of 2nd period - Evgeny Grachev is hit by Vitaly Vishnevsky.
6:56 of 2nd period - Dustin Penner is hit by Ladislav Nagy and loses puck.
7:55 of 2nd period - Brian Lee is hit by Karl Alzner and loses puck.
8:00 of 2nd period - Snap shot by David Jones.
8:00 of 2nd period - Deflect By Ladislav Nagy.
8:00 of 2nd period - Shot Blocked by Johnny Oduya.
8:00 of 2nd period - Puck is out of play.
8:01 of 2nd period - Brian Lee wins face-off versus Sidney Crosby in Stars zone.
8:10 of 2nd period - Minor Penalty to Sidney Crosby for Hooking.
8:11 of 2nd period - John Tavares wins face-off versus Jason Spezza in Canadiens zone.
8:16 of 2nd period - Snap shot by John Tavares.
8:16 of 2nd period - Stopped by Jonathan Bernier with a rebound.
8:18 of 2nd period - Snap shot by Michael Grabner.
8:18 of 2nd period - Stopped by Jonathan Bernier with a rebound.
8:20 of 2nd period - Backhand shot by John Tavares.
8:20 of 2nd period - Stopped by Jonathan Bernier with a rebound.
8:22 of 2nd period - Slapshot by Brian Lee.
8:22 of 2nd period - Shot Misses the Net.
8:24 of 2nd period - Snap shot by Trevor Daley.
8:24 of 2nd period - Shot Blocked by Adam Pardy.
8:26 of 2nd period - Slapshot by Brian Lee.
8:26 of 2nd period - Shot Blocked by Adam Pardy.
8:55 of 2nd period - Slapshot by Dustin Penner.
8:55 of 2nd period - Stopped by Jonathan Bernier with a rebound.
10:10 of 2nd period - Penalty to Sidney Crosby is over, Sidney Crosby is back on ice.
10:23 of 2nd period - Evgeny Grachev is hit by Adam Pardy and loses puck.
11:30 of 2nd period - Evgeny Artyukhin is hit by Greg Stewart and loses puck.
11:54 of 2nd period - Snap shot by Marcel Goc.
11:54 of 2nd period - Stopped by Pascal Leclaire without a rebound.
11:55 of 2nd period - Sidney Crosby wins face-off versus Evgeny Grachev in Stars zone.
12:06 of 2nd period - Patrick Sharp is hit by Evgeny Grachev and loses puck.
12:30 of 2nd period - John Tavares is hit by Evgeny Dadonov and loses puck.
14:01 of 2nd period - Adam Pardy is hit by Brian Lee and loses puck.
14:13 of 2nd period - Icing by Adam Pardy.
14:14 of 2nd period - Evgeny Grachev wins face-off versus Jason Spezza in Canadiens zone.
14:15 of 2nd period - Backhand shot by Daniel Cleary.
14:15 of 2nd period - Shot Blocked by Joe Pavelski.
14:26 of 2nd period - Adam Pardy is hit by Boris Valabik and loses puck.
14:35 of 2nd period - Wrist shot by Greg Stewart.
14:35 of 2nd period - Shot Misses the Net.
14:38 of 2nd period - Icing by Boris Valabik.
14:39 of 2nd period - Sidney Crosby wins face-off versus John Tavares in Stars zone.
14:40 of 2nd period - Wrist shot by Patrick Sharp.
14:40 of 2nd period - Stopped by Pascal Leclaire with a rebound.
14:42 of 2nd period - Snap shot by Luke Schenn.
14:42 of 2nd period - Goal by Luke Schenn - Canadiens : 1 - Stars : 1.
14:43 of 2nd period - John Tavares wins face-off versus Sidney Crosby in neutral zone.
14:46 of 2nd period - Snap shot by Scott Hartnell.
14:46 of 2nd period - Shot Misses the Net.
14:56 of 2nd period - Wrist shot by Sidney Crosby.
14:56 of 2nd period - Shot Misses the Net.
14:58 of 2nd period - Slapshot by Luke Schenn.
14:58 of 2nd period - Shot Misses the Net.
15:17 of 2nd period - Wrist shot by Dustin Boyd.
15:17 of 2nd period - Shot Misses the Net.
15:19 of 2nd period - Wrist shot by Karl Alzner.
15:19 of 2nd period - Deflect By Tyler Seguin.
15:19 of 2nd period - Stopped by Pascal Leclaire without a rebound.
15:20 of 2nd period - John Tavares wins face-off versus Sidney Crosby in Stars zone.
15:45 of 2nd period - Sidney Crosby is hit by Evgeny Grachev and loses puck.
15:58 of 2nd period - Slapshot by Evgeny Grachev.
15:58 of 2nd period - Shot Blocked by Evgeny Dadonov.
16:14 of 2nd period - Dustin Boyd is hit by Tyler Seguin and loses puck.
16:47 of 2nd period - Shawn Matthias is hit by Vitaly Vishnevsky and loses puck.
16:52 of 2nd period - Slapshot by Marcel Goc.
16:52 of 2nd period - Stopped by Pascal Leclaire without a rebound.
16:53 of 2nd period - Dustin Boyd wins face-off versus John Tavares in Stars zone.
17:04 of 2nd period - Wrist shot by Cal Clutterbuck.
17:04 of 2nd period - Shot Blocked by Andrei Markov.
17:06 of 2nd period - Wrist shot by Brett Maclean.
17:06 of 2nd period - Stopped by Pascal Leclaire without a rebound.
17:07 of 2nd period - John Tavares wins face-off versus Sidney Crosby in Stars zone.
17:26 of 2nd period - Evgeny Dadonov is hit by Scott Hartnell and loses puck.
18:17 of 2nd period - Michael Grabner is hit by Ladislav Nagy and loses puck.
19:05 of 2nd period - Dennis Wideman is hit by Matt Cooke and loses puck.
19:48 of 2nd period - Wrist shot by Marcel Goc.
19:48 of 2nd period - Stopped by Pascal Leclaire with a rebound.
19:50 of 2nd period - Snap shot by Dennis Wideman.
19:50 of 2nd period - Stopped by Pascal Leclaire with a rebound.
Goals for this period are 1 for Canadiens vs 0 for Stars.
Shots for this period are 9 for Canadiens vs 7 for Stars.
3rd period
0:01 of 3rd period - Sidney Crosby wins face-off versus John Tavares in neutral zone.
0:26 of 3rd period - Jason Spezza is hit by Evgeny Artyukhin and loses puck.
1:40 of 3rd period - Snap shot by Patrick Sharp.
1:40 of 3rd period - Stopped by Pascal Leclaire with a rebound.
2:05 of 3rd period - Slapshot by Daniel Cleary.
2:05 of 3rd period - Shot Misses the Net.
2:34 of 3rd period - John Tavares is hit by David Jones and loses puck.
2:52 of 3rd period - Boris Valabik is hit by Karl Alzner and loses puck.
3:09 of 3rd period - Snap shot by Sidney Crosby.
3:09 of 3rd period - Stopped by Pascal Leclaire without a rebound.
3:10 of 3rd period - Sidney Crosby wins face-off versus Matt Cooke in Stars zone.
3:17 of 3rd period - Slapshot by Brian Lee.
3:17 of 3rd period - Stopped by Jonathan Bernier with a rebound.
3:19 of 3rd period - Wrist shot by Shawn Matthias.
3:19 of 3rd period - Stopped by Jonathan Bernier without a rebound.
3:20 of 3rd period - Evgeny Dadonov wins face-off versus Matt Cooke in Canadiens zone.
3:22 of 3rd period - Minor Penalty to Sidney Crosby for Holding.
3:23 of 3rd period - Jason Spezza wins face-off versus John Tavares in Canadiens zone.
3:57 of 3rd period - Snap shot by Evgeny Artyukhin.
3:57 of 3rd period - Shot Misses the Net.
3:59 of 3rd period - Slapshot by Brian Lee.
3:59 of 3rd period - Stopped by Jonathan Bernier with a rebound.
5:00 of 3rd period - Patrick Sharp is hit by John Tavares and loses puck.
5:22 of 3rd period - Penalty to Sidney Crosby is over, Sidney Crosby is back on ice.
5:44 of 3rd period - Off-side.
5:45 of 3rd period - Marcel Goc wins face-off versus Evgeny Grachev in neutral zone.
6:28 of 3rd period - Brian Lee is hit by Luke Schenn and loses puck.
8:58 of 3rd period - Dustin Penner is hit by Ladislav Nagy.
9:22 of 3rd period - Minor Penalty to Luke Schenn for Hooking.
9:23 of 3rd period - John Tavares wins face-off versus Jason Spezza in Canadiens zone.
9:34 of 3rd period - Snap shot by John Tavares.
9:34 of 3rd period - Stopped by Jonathan Bernier with a rebound.
9:36 of 3rd period - Slapshot by Trevor Daley.
9:36 of 3rd period - Shot Blocked by Vitaly Vishnevsky.
9:38 of 3rd period - Snap shot by Scott Hartnell.
9:38 of 3rd period - Shot Misses the Net.
9:40 of 3rd period - Slapshot by Andrei Markov.
9:40 of 3rd period - Stopped by Jonathan Bernier without a rebound.
9:41 of 3rd period - Tyler Seguin wins face-off versus Jason Spezza in Canadiens zone.
9:42 of 3rd period - Slapshot by Dustin Penner.
9:42 of 3rd period - Deflect By Vitaly Vishnevsky.
9:42 of 3rd period - Shot Misses the Net.
9:42 of 3rd period - Puck is out of play.
9:43 of 3rd period - Tyler Seguin wins face-off versus Jason Spezza in Canadiens zone.
9:44 of 3rd period - Snap shot by Evgeny Artyukhin.
9:44 of 3rd period - Shot Misses the Net.
9:55 of 3rd period - Wrist shot by Cal Clutterbuck.
9:55 of 3rd period - Shot Hit the Post.
9:57 of 3rd period - Snap shot by Jason Spezza.
9:57 of 3rd period - Goal by Jason Spezza - Canadiens : 2 - Stars : 1.
9:58 of 3rd period - Jason Spezza wins face-off versus John Tavares in neutral zone.
10:33 of 3rd period - Snap shot by Patrick Sharp.
10:33 of 3rd period - Shot Misses the Net.
10:43 of 3rd period - Dennis Wideman is hit by Evgeny Artyukhin and loses puck.
11:22 of 3rd period - Penalty to Luke Schenn is over, Luke Schenn is back on ice.
11:31 of 3rd period - Wrist shot by Sidney Crosby.
11:31 of 3rd period - Shot Blocked by Boris Valabik.
11:33 of 3rd period - Slapshot by Patrick Sharp.
11:33 of 3rd period - Shot Blocked by Daniel Cleary.
12:08 of 3rd period - Drew Fata is hit by Karl Alzner and loses puck.
12:37 of 3rd period - Snap shot by Patrick Sharp.
12:37 of 3rd period - Shot Misses the Net.
12:39 of 3rd period - Wrist shot by Luke Schenn.
12:39 of 3rd period - Shot Misses the Net.
12:41 of 3rd period - Snap shot by Patrick Sharp.
12:41 of 3rd period - Stopped by Pascal Leclaire with a rebound.
12:43 of 3rd period - Snap shot by Patrick Sharp.
12:43 of 3rd period - Shot Misses the Net.
13:09 of 3rd period - Tyler Seguin is hit by Ladislav Nagy and loses puck.
13:20 of 3rd period - Evgeny Artyukhin is hit by Ladislav Nagy and loses puck.
13:45 of 3rd period - Scott Hartnell is hit by Karl Alzner and loses puck.
14:11 of 3rd period - Johnny Oduya is hit by Adam Pardy and loses puck.
14:18 of 3rd period - John Tavares is hit by Adam Pardy and loses puck.
14:33 of 3rd period - Snap shot by Ladislav Nagy.
14:33 of 3rd period - Deflect By David Jones.
14:33 of 3rd period - Shot Blocked by John Tavares.
14:33 of 3rd period - Puck is out of play.
14:34 of 3rd period - Tyler Seguin wins face-off versus Sidney Crosby in Stars zone.
14:45 of 3rd period - Wrist shot by Evgeny Dadonov.
14:45 of 3rd period - Deflect By Sidney Crosby.
14:45 of 3rd period - Shot Misses the Net.
14:45 of 3rd period - Puck is out of play.
14:46 of 3rd period - Sidney Crosby wins face-off versus Tyler Seguin in Stars zone.
14:55 of 3rd period - Snap shot by Evgeny Dadonov.
14:55 of 3rd period - Stopped by Pascal Leclaire without a rebound.
14:56 of 3rd period - Dustin Penner wins face-off versus Sidney Crosby in Stars zone.
14:56 of 3rd period - Dustin Penner is hit by Patrick Sharp.
15:17 of 3rd period - Snap shot by Tyler Seguin.
15:17 of 3rd period - Stopped by Jonathan Bernier without a rebound.
15:18 of 3rd period - Cal Clutterbuck wins face-off versus John Tavares in Canadiens zone.
15:23 of 3rd period - Slapshot by Dustin Boyd.
15:23 of 3rd period - Stopped by Pascal Leclaire without a rebound.
15:24 of 3rd period - Dustin Boyd wins face-off versus John Tavares in Stars zone.
15:43 of 3rd period - John Tavares is hit by Brett Maclean and loses puck.
15:58 of 3rd period - Snap shot by John Tavares.
15:58 of 3rd period - Shot Blocked by Cal Clutterbuck.
16:00 of 3rd period - Slapshot by Trevor Daley.
16:00 of 3rd period - Shot Misses the Net.
16:02 of 3rd period - Wrist shot by John Tavares.
16:02 of 3rd period - Deflect By Michael Grabner.
16:02 of 3rd period - Shot Misses the Net.
16:02 of 3rd period - Puck is out of play.
16:03 of 3rd period - Tyler Seguin wins face-off versus Sidney Crosby in Canadiens zone.
16:31 of 3rd period - Minor Penalty to Evgeny Grachev for High sticking.
16:32 of 3rd period - Sidney Crosby wins face-off versus Greg Campbell in Stars zone.
16:43 of 3rd period - Snap shot by Patrick Sharp.
16:43 of 3rd period - Stopped by Pascal Leclaire with a rebound.
16:59 of 3rd period - Johnny Oduya is hit by Dustin Boyd and loses puck.
17:06 of 3rd period - Snap shot by Dustin Boyd.
17:06 of 3rd period - Stopped by Pascal Leclaire without a rebound.
17:07 of 3rd period - Greg Campbell wins face-off versus Sidney Crosby in Stars zone.
17:40 of 3rd period - Drew Fata is hit by Joe Pavelski and loses puck.
18:15 of 3rd period - Icing by Dustin Boyd.
18:16 of 3rd period - Tyler Seguin wins face-off versus Dustin Boyd in Canadiens zone.
18:31 of 3rd period - Penalty to Evgeny Grachev is over, Evgeny Grachev is back on ice.
18:47 of 3rd period - Stars, Pascal Leclaire is pulled from the net.
18:47 of 3rd period - Wrist shot by Daniel Cleary.
18:47 of 3rd period - Shot Misses the Net.
18:49 of 3rd period - Backhand shot by Boris Valabik.
18:49 of 3rd period - Shot Blocked by Karl Alzner.
18:51 of 3rd period - Snap shot by Matt Cooke.
18:51 of 3rd period - Stopped by Jonathan Bernier with a rebound.
18:53 of 3rd period - Slapshot by Boris Valabik.
18:53 of 3rd period - Stopped by Jonathan Bernier with a rebound.
18:55 of 3rd period - Slapshot by Brian Lee.
18:55 of 3rd period - Deflect By Daniel Cleary.
18:55 of 3rd period - Stopped by Jonathan Bernier with a rebound.
18:57 of 3rd period - Slapshot by Evgeny Grachev.
18:57 of 3rd period - Shot Blocked by Greg Stewart.
19:26 of 3rd period - Snap shot by Patrick Sharp.
19:26 of 3rd period - Shot Misses the Net.
19:32 of 3rd period - Patrick Sharp is hit by Johnny Oduya and loses puck.
19:41 of 3rd period - Wrist shot by John Tavares.
19:41 of 3rd period - Shot Blocked by Patrick Sharp.
19:43 of 3rd period - Snap shot by Brian Lee.
19:43 of 3rd period - Shot Misses the Net.
19:55 of 3rd period - Snap shot by John Tavares.
19:55 of 3rd period - Shot Misses the Net.
19:57 of 3rd period - Wrist shot by Johnny Oduya.
19:57 of 3rd period - Deflect By Scott Hartnell.
19:57 of 3rd period - Shot Misses the Net.
19:57 of 3rd period - Puck is out of play.
19:58 of 3rd period - Barry Trotz call a timeout for Stars.
19:58 of 3rd period - Sidney Crosby wins face-off versus John Tavares in Canadiens zone.
Goals for this period are 1 for Canadiens vs 0 for Stars.
Shots for this period are 8 for Canadiens vs 9 for Stars.
Back to the Top